 Dungeon Crawl Stone Soup version 0.29.1-12-g30fa7ad0bf (webtiles) character file.

Game seed: 13312890752590571025

24 Peloso the Trooper (level 2, -2/27 HPs)
             Began as a Minotaur Fighter on Dec 30, 2022.
             Killed by nerve-wracking pain
             ... invoked by Jessica
              (9 damage)
             ... on level 2 of the Dungeon.
             The game lasted 00:01:46 (1057 turns).

Peloso the Trooper (Minotaur Fighter)               Turns: 1057, Time: 00:01:47

Health: -2/27      AC:  7    Str: 20    XL:     2   Next: 79%
Magic:  1/1        EV:  9    Int:  5    God:
Gold:   89         SH:  4    Dex:  9    Spells: 1/1 levels left

rFire   . . .      SeeInvis .   a - +0 long sword
rCold   . . .      Faith    .   c - +0 buckler
rNeg    . . .      Spirit   .   b - +0 scale mail
rPois   .          Reflect  .   (helmet restricted)
rElec   .          Harm     .   (no cloak)
rCorr   .          Rampage  .   (no gloves)
Will    .....                   (no boots)
Stlth   ..........              (no amulet)
HPRegen 0.09/turn               (no ring)
MPRegen 0.07/turn               (no ring)

@: no status effects
A: horns 2, retaliatory headbutt
a: no special abilities


You were on level 2 of the Dungeon.
You visited 1 branch of the dungeon, and saw 2 of its levels.

You collected 89 gold pieces.

Inventory:

Hand Weapons
 a - a +0 long sword (weapon)
Armour
 b - a +0 scale mail (worn)
 c - a +0 buckler (worn)
Scrolls
 e - a scroll of magic mapping {unknown}
 i - a scroll of immolation {unknown}
 j - a scroll of summoning {unknown}
 k - 2 scrolls of identify {unknown}
Potions
 d - 3 potions of might
 f - a potion of degeneration {unknown}
 g - 3 potions of curing {unknown}
 h - 2 potions of attraction {unknown}


   Skills:
 + Level 4.0 Fighting
 + Level 2.8 Long Blades
 + Level 3.9 Armour
 + Level 0.3 Dodging
 + Level 3.9 Shields


You had one spell level left.
You didn't know any spells.
Your spell library was empty.

Dungeon Overview and Level Annotations

Branches:
Dungeon (2/15)

Altars:

Annotations:
D:2 Jessica


Innate Abilities, Weirdness & Mutations

You have a pair of horns on your head.
You reflexively headbutt those who attack you in melee.


Message History

The giant cockroach is moderately wounded.
The giant cockroach bites you.
The giant cockroach bites you but does no damage.
You hit the giant cockroach. You headbutt the giant cockroach.
The giant cockroach is almost dead.
The giant cockroach bites you but does no damage.
You slash the giant cockroach!
You kill the giant cockroach!
Your Fighting skill increases to level 4!
You see here a giant cockroach corpse.
A bat comes into view.
A bat is nearby!
A bat is nearby!
A bat is nearby!
The bat hits you but does no damage.
You closely miss the bat. The bat barely misses you.
You block the bat's attack. The bat hits you but does no damage.
Jessica the Apprentice Sorceress comes into view.
She is wielding a +0 dagger.
You hit the bat.
The bat is moderately wounded.
You block the bat's attack.
Jessica gestures wildly while chanting.
Jessica seems to speed up.
The bat hits you but does no damage. The bat barely misses you.
You block the bat's attack. The bat hits you but does no damage.
The bat closely misses you. You furiously retaliate!
You headbutt the bat.
You kill the bat!
Jessica points at you and mumbles some strange words.
Pain shoots through your body!
You open the door. Jessica gestures at you while chanting.
Pain shoots through your body! Jessica gestures at you while chanting.
Pain shoots through your body!
* * * LOW HITPOINT WARNING * * *
Jessica points at you and mumbles some strange words.
Pain shoots through your body!
You die...

#...# .. #...# ..## #...#
....#####...#####+#
..................#######
#.........##.............
..........++.........#
##......##.........#
#......@..@.....$.....
#....†.###+###........
#######.# #........
#.....#.# ###......
+.....'.# ....##
###.....###. ....#
####+#<..........#
#........#######.# .
#..............# ..


You could see Jessica (fast).

Vanquished Creatures
  2 endoplasms (D:1)
  A giant cockroach (D:2)
  2 goblins (D:1)
  3 hobgoblins (D:1)
  2 jackals (D:1)
  2 kobolds (D:1)
  A quokka (D:2)
  A ball python (D:1)
  3 bats
  4 frilled lizards
  2 rats
23 creatures vanquished.

Notes
Turn   | Place    | Note
-------+----------+-------------------------------------------
     0 | D:1      | Peloso the Minotaur Fighter began the quest for the Orb.
     0 | D:1      | Reached XP level 1. HP: 19/19 MP: 0/0
   374 | D:1      | Reached XP level 2. HP: 22/27 MP: 1/1
  1032 | D:2      | Reached skill level 4 in Fighting
  1047 | D:2      | Noticed Jessica
  1057 | D:2      | Killed from afar by Jessica

Illustrated notes

Levels and vault maps discovered:
D:1:      kennysheep_arrival_forest, layout_loops_ring
D:2:      minmay_angry_zag, layout_basic, chequers_ecumenical_altar_island,
          uniq_jessica, uniq_terence, uniq_crazy_yiuf_cottage

Skill      XL: |  1  2 |
---------------+-------+-----
Fighting       | 4 |  4.0
Long Blades    | |  2.8
Armour         | |  3.9
Dodging        | |  0.3
Shields        | |  3.9

Action                   || total
-------------------------++-------
Melee: Long sword        ||    64
       Headbutt          ||     4
Armor: Scale mail        ||    32
Dodge: Dodged            ||    37
Block: Buckler           ||    12
